AoeStats
← Huamatw

Arabia

507978335Analyzed
1v1 RM · 12d ago on Sep 20, 2026· 46m 34s· 2 players
Game mode
Random Map
Map size
Tiny (2 player)
Population
200
Speed
Normal
Resources
Standard
Victory
Conquest
Starting age
Dark Age
Ending age
Imperial Age
RankedLock teamsTeams togetherTeam positionsShared explorationLock speedFull tech treeHidden civsTurbo modeCheats
Victory
Defeat
🇺🇸 Armenians · United States
1013
+16
🇹🇼 Dravidians · Taiwan
1015
-16
VadoseGoblin
7:30 Loom
10:06 Feudal Age
11:38 Double-Bit Axe
11:22 Man-at-Arms
15:08 Arson
15:25 Town Watch
16:10 Long Swordsman
17:46 Scale Mail Armor
21:18 Fletching
30:04 Forging
33:15 Castle Age
32:23 Gold Mining
32:24 Stone Mining
34:11 Wheelbarrow
34:55 Horse Collar
35:32 Bow Saw
34:46 Two-Handed Swordsman
35:12 Gambesons
36:18 Bodkin Arrow
36:34 Guard Tower
37:27 Chain Mail Armor
37:47 Ballistics
38:16 Squires
38:53 Iron Casting
43:07 Hand Cart
44:08 Champion
Huamatw
8:33 Loom
10:45 Feudal Age
10:56 Man-at-Arms
15:32 Fletching
23:45 Castle Age
22:27 Padded Archer Armor
22:21 Double-Bit Axe
24:59 Crossbowman
26:12 Town Watch
38:46 Horse Collar
39:17 Thumb Ring
45:06 Gambesons
45:57 Squires
45:57 Gold Mining
46:00 Long Swordsman
Connection lost

Rejoining the realm…

Still unreachable

The connection could not be restored.

Session expired

The server has moved on; the page needs a fresh start.